 Dungeon Crawl Stone Soup version 0.30.0-5-g1a98f26d00 (webtiles) character file.

Game seed: 11135450808888224507

75 monsoonserge the Covered (level 4, 0/49 HPs)
             Began as a Human Wanderer on May 10, 2023.
             Was a Follower of Lugonu.
             Slain by Terence
             ... wielding a +0 hand axe
              (5 damage)
             ... on level 2 of the Dungeon.
             The game lasted 00:05:41 (1446 turns).

monsoonserge the Covered (Human Wanderer)           Turns: 1446, Time: 00:05:42

Health: 0/49       AC: 22    Str: 10    XL:     4   Next: 55%
Magic:  4/4        EV:  2    Int: 13    God:    Lugonu [*.....]
Gold:   80         SH:  0    Dex: 16    Spells: 3/3 levels left

rFire   . . .        a - +0 short sword
rCold   . . .        (no shield)
rNeg    . . .        b - melded +2 scale mail
rPois   +            (helmet currently unavailable)
rElec   .            (cloak currently unavailable)
rCorr   .            (gloves currently unavailable)
SInv    +            (boots currently unavailable)
Will    .....        (no amulet)
Stlth   ++           h - ring of see invisible
HPRegen 0.28/turn    m - ring of wizardry
MPRegen 0.09/turn

%: wizardry (x1)
@: tree-form (expiring)
A: stationary, stasis, torment immunity, boosted hp
a: Renounce Religion, Depart the Abyss


You were on level 2 of the Dungeon.
You worshipped Lugonu.
Lugonu was aware of your devotion.
You were a tree.
You visited 1 branch of the dungeon, and saw 2 of its levels.

You collected 80 gold pieces.

Inventory:

Hand Weapons
 a - a +0 short sword (weapon)
Missiles
 f - 14 stones
Armour
 b - a +2 scale mail (melded)
Jewellery
 h - a ring of see invisible (left branch)
 m - a ring of wizardry (right branch)
Wands
 c - a wand of polymorph (7) (quivered)
Scrolls
 i - 3 scrolls of poison {unknown}
 j - 2 scrolls of identify {unknown}
 l - a scroll of teleportation {unknown}
Potions
 d - 2 potions of curing
 k - a potion of berserk rage {unknown}


   Skills:
 + Level 2.3 Fighting
 + Level 2.1 Short Blades
 + Level 5.8 Armour
 + Level 1.0 Dodging
 + Level 0.2 Stealth
 - Level 2.0 Evocations


You had 3 spell levels left.
You didn't know any spells.
Your spell library contained the following spells:

 Spells                   Type           Power      Damage    Failure   Level
 Beastly Appendage        Tmut           0%         N/A       12%         1
 Scorch                   Fire           0%         2d5       19%         2
 Wereblood                Tmut           0%         N/A       19%         2
 Spider Form              Tmut/Pois      0%         N/A       34%         3
 Flame Wave               Conj/Fire      0%         2d4       73%         4
 Summon Cactus Giant      Summ           0%         N/A       100%        6


Dungeon Overview and Level Annotations

Branches:
Dungeon (2/15)

Altars:
Lugonu

Annotations:
D:2 Terence


Message History

Terence completely misses you.
You hit Terence.
Terence is heavily wounded.
Terence hits you with a +0 hand axe.
* * * LOW HITPOINT WARNING * * *
You barely miss Terence.
Terence is heavily wounded.
Terence hits you with a +0 hand axe.
* * * LOW HITPOINT WARNING * * *
You barely miss Terence.
Terence is heavily wounded.
Terence hits you but does no damage.
You hit Terence.
Terence is severely wounded.
Terence hits you but does no damage.
You hit Terence but do no damage.
Terence is severely wounded.
Terence hits you but does no damage.
You barely miss Terence.
Terence is severely wounded.
Terence hits you but does no damage.
You hit Terence but do no damage.
Terence is severely wounded.
Terence hits you but does no damage.
You hit Terence but do no damage.
Terence is severely wounded.
You hit Terence but do no damage.
Terence is severely wounded.
Terence hits you but does no damage.
You barely miss Terence.
Terence is severely wounded.
Your transformation is almost over.
Terence hits you but does no damage.
You hit Terence.
Terence is almost dead.
Terence hits you but does no damage.
You hit Terence but do no damage.
Terence is almost dead.
Terence hits you with a +0 hand axe.
You die...

.#.......#.........
....##.#.)########.
.....#.#.##
...#.#.# ## .
#.#.#.# ....
...#.....#?#...
................
#.#####.[...#....
#..@♣†......# .#
######..........
##.....#### ##...##
##.## ##


You could see Terence.

Vanquished Creatures
  3 gnolls (D:2)
  4 ball pythons
  2 endoplasms
  3 giant cockroaches
  3 goblins
  4 hobgoblins
  4 jackals (D:2)
  7 kobolds
  2 quokkas (D:1)
  4 bats (D:1)
  5 frilled lizards
  2 rats
43 creatures vanquished.

Notes
Turn   | Place    | Note
-------+----------+-------------------------------------------
     0 | D:1      | monsoonserge the Human Wanderer began the quest for the
                  | Orb.
     0 | D:1      | monsoonserge set off with the following items: a +0 short
                  | sword, a +2 scale mail, a wand of polymorph (7), a potion
                  | of curing.
     0 | D:1      | Reached XP level 1. HP: 16/16 MP: 1/1
   139 | D:1      | Reached XP level 2. HP: 22/22 MP: 2/2
   371 | D:1      | Reached XP level 3. HP: 27/27 MP: 3/3
   650 | D:1      | Found a faded altar of an unknown god.
   672 | D:1      | Prayed at the altar of an unknown god.
   672 | D:1      | Became a worshipper of Lugonu the Unformed
   672 | D:1      | Reached * piety under Lugonu
  1082 | D:2      | Reached XP level 4. HP: 15/33 MP: 4/4
  1097 | D:2      | Reached skill level 1 in Dodging
  1386 | D:2      | Noticed Terence
  1436 | D:2      | HP: 2/49 [Terence/+0 hand axe (3)]
  1446 | D:2      | Slain by Terence

Illustrated notes

Levels and vault maps discovered:
D:1:      saegor_arrival_simple_b, layout_basic,
          dreamdust_ecumenical_altar_sealed_demon
D:2:      layout_loops_ring, uniq_terence

Skill      XL: |  1  2  3  4 |
---------------+-------------+-----
Short Blades   | 2 |  2.1
Dodging        | 1 |  1.0
Fighting       | |  2.3
Armour         | |  5.8
Stealth        | |  0.2
Evocations     | |  2.0

Action                     |  1- 3 |  4- 6 || total
---------------------------+-------+-------++-------
  Melee: Short sword       |   173 |   116 ||   289
         Punch             |       |     3 ||     3
    Use: Potion            |       |     2 ||     2
 Armour: Scale mail        |   104 |    42 ||   146
         Skin              |       |    14 ||    14
  Dodge: Dodged            |    68 |    40 ||   108
